[Event "Titled Tuesday Blitz May 10 Early 2022"]
[White "Wagh Suyog"]
[Black "Kovalenko, Igor"]
[WhiteFideId "25071688"]
[BlackFideId "14117908"]
[WhiteElo "2181"]
[BlackElo "2560"]
[Result "0-1"]
[Round "05"]
[TimeControl "180+1"]
[Date "2022.05.10"]
[WhiteClock "0:00:01"]
[BlackClock "0:00:42"]

1. e4 c5 2. Nf3 e6 3. g3 d5 4. Nc3 Nf6 5. exd5 exd5 6. d4 Nc6 7. Bg2 Be7 8. O-O O-O 9. dxc5 Bxc5 10. Bg5 Be6 11. a3 Be7 12. Nb5 h6 13. Be3 Bg4 14. h3 Bh5 15. Nbd4 Bd6 16. Nf5 Re8 17. Nxd6 Qxd6 18. Bf4 Qc5 19. Be3 Qb5 20. Qc1 Rac8 21. Re1 Bg6 22. c3 Be4 23. Bf1 Qa5 24. Nd2 Bg6 25. Nb3 Qd8 26. Nd4 Ne5 27. Bf4 Nc4 28. Rxe8+ Qxe8 29. b3 Na5 30. Qb2 Ne4 31. Rc1 a6 32. f3 Nf6 33. Kf2 Qd7 34. g4 Nc6 35. Qd2 Nh7 36. h4 Nf8 37. h5 Bh7 38. g5 hxg5 39. Bxg5 Nxd4 40. cxd4 Ne6 41. Be3 Rxc1 42. Qxc1 Bf5 43. h6 Qe7 44. Kg3 gxh6 45. Bxh6 Nxd4 46. Qc3 Ne6 47. Be3 Qd6+ 48. f4 d4 49. Qd2 Qc5 50. Bf2 Qxa3 51. Bc4 b5 52. Bxe6 Bxe6 53. Bxd4 Qxb3+ 54. Kh4 Qh3+ 55. Kg5 Qf5+ 56. Kh4 Qg4# 0-1


[Site "https://www.chess.com"]

[Event "Titled Tuesday Blitz May 10 Early 2022"]
[White "Wagner, Dennis"]
[Black "Suleymanli, Suleyman"]
[WhiteFideId "24650684"]
[BlackFideId "13416375"]
[WhiteElo "2355"]
[BlackElo "1598"]
[Result "1-0"]
[Round "05"]
[TimeControl "180+1"]
[Date "2022.05.11"]
[WhiteClock "0:00:10"]
[BlackClock "0:00:08"]

1. c4 e6 2. g3 d5 3. Bg2 Nf6 4. Nf3 Be7 5. O-O O-O 6. b3 b6 7. Bb2 Bb7 8. e3 Nbd7 9. Nc3 c5 10. cxd5 exd5 11. d4 cxd4 12. Nxd4 Nc5 13. Re1 Nfe4 14. Nce2 Bf6 15. b4 Ne6 16. Rc1 Nxd4 17. Bxd4 Qe7 18. Qb3 Rfd8 19. Red1 Ba6 20. b5 Bb7 21. Nf4 Bxd4 22. Rxd4 Nc5 23. Qb4 Qe5 24. Rcd1 Ne6 25. R4d2 Nc7 26. a4 Rd7 27. h4 Rad8 28. Bh3 Ne6 29. Nxe6 fxe6 30. Qf4 Qxf4 31. gxf4 Kf7 32. Kh2 Kf6 33. Rd4 Ke7 34. Rg1 Kf6 35. Rg5 h6 36. Re5 Rd6 37. h5 Rc8 38. Kg3 Rc4 39. Bg4 Rxd4 40. exd4 Bc8 41. Re1 Bd7 42. Rc1 Be8 43. Rc8 Ke7 44. Ra8 Rd7 45. f5 exf5 46. Bxf5 Rc7 47. Bg4 Bf7 48. Kf4 Kf6 49. Bf3 Rc4 50. Rxa7 Rxd4+ 51. Ke3 Rb4 52. Rb7 Rxa4 53. Rxb6+ Ke5 54. Rb7 d4+ 55. Kd2 Ra2+ 56. Kc1 Bb3 57. b6 d3 58. Rd7 Rc2+ 59. Kb1 Rc5 60. b7 Rb5 61. Kc1 Be6 62. Rd8 Bd5 63. Bxd5 d2+ 64. Kxd2 Rb2+ 65. Ke3 Rb6 66. f4+ Kf6 67. b8=Q Rxb8 68. Rxb8 Ke7 69. Rb6 Kf8 70. Rg6 Ke8 71. Rxg7 Kf8 72. Rf7+ Ke8 73. Ke4 Kd8 74. Ke5 Ke8 75. Kd6 Kd8 76. Rf8# 1-0


[Site "https://www.chess.com"]

[Event "Titled Tuesday Blitz May 10 Early 2022"]
[White "Winkels, Marcel"]
[Black "Golubova, Anna"]
[WhiteFideId "1003887"]
[BlackFideId "24173606"]
[WhiteElo "1900"]
[BlackElo "2083"]
[Result "1-0"]
[Round "05"]
[TimeControl "180+1"]
[Date "2022.05.11"]
[WhiteClock "0:01:02"]
[BlackClock "0:00:52"]

1. e4 c6 2. d4 d5 3. f3 e6 4. Be3 Nf6 5. e5 Nfd7 6. f4 c5 7. Nf3 Nc6 8. Nc3 cxd4 9. Nxd4 a6 10. Qd2 Be7 11. O-O-O O-O 12. h4 Nxd4 13. Bxd4 f6 14. h5 fxe5 15. fxe5 Nxe5 16. Kb1 Bg5 17. Qe1 Nc6 18. Bc5 Re8 19. Qg3 Qf6 20. Bd3 Qf4 21. Qe1 Bd7 22. Rf1 Qe5 23. Qf2 Bf6 24. h6 d4 25. Ne4 Be7 26. Qf7+ Kh8 27. Bxe7 Rxe7 28. Qf8+ Rxf8 29. Rxf8# 1-0


[Site "https://www.chess.com"]

[Event "Titled Tuesday Blitz May 10 Early 2022"]
[White "Xu, Yi"]
[Black "Xiong, Jeffery"]
[WhiteFideId "8605564"]
[BlackFideId "2047640"]
[WhiteElo "2471"]
[BlackElo "2727"]
[Result "0-1"]
[Round "05"]
[TimeControl "180+1"]
[Date "2022.05.10"]
[WhiteClock "0:00:37"]
[BlackClock "0:02:12"]

1. e4 c5 2. Nf3 d6 3. d4 cxd4 4. Nxd4 Nf6 5. Nc3 a6 6. Be2 e5 7. Nb3 Be7 8. O-O O-O 9. Qd3 Be6 10. Bd2 a5 11. Nd5 Bxd5 12. exd5 a4 13. Nc1 Nbd7 14. c4 Qb6 15. Be3 Qb4 16. a3 Qa5 17. Qc2 Rfc8 18. b4 Qxd5 19. Na2 Qe6 20. Nc3 d5 21. Nxa4 b5 22. Nc5 Nxc5 23. Bxc5 Bxc5 24. cxd5 Bd4 25. dxe6 Rxc2 26. exf7+ Kxf7 0-1


[Site "https://www.chess.com"]

[Event "Titled Tuesday Blitz May 10 Early 2022"]
[White "Yilmaz, Mustafa"]
[Black "Taichman, Ori"]
[WhiteFideId "6302718"]
[BlackFideId "2804069"]
[WhiteElo "2568"]
[BlackElo "2227"]
[Result "1-0"]
[Round "05"]
[TimeControl "180+1"]
[Date "2022.05.10"]
[WhiteClock "0:01:03"]
[BlackClock "0:00:03"]

1. d4 Nf6 2. c4 g6 3. Nc3 Bg7 4. e4 O-O 5. Nge2 d6 6. Ng3 e5 7. d5 a5 8. h4 h5 9. Bg5 Qe8 10. Be2 Na6 11. Qd2 Nc5 12. O-O-O Bd7 13. Kb1 a4 14. f3 Kh7 15. Nf1 a3 16. b3 Ng8 17. g4 f5 18. gxf5 gxf5 19. Ne3 f4 20. Nc2 Bf6 21. Rdg1 Ne7 22. Bf1 Qf7 23. Bh3 Bxh3 24. Rxh3 Rg8 25. Rhh1 Bxg5 26. hxg5 Kg6 27. Rxh5 Rh8 28. Rh6+ Rxh6 29. gxh6+ Kxh6 30. Nb5 Ng6 31. Qg2 Qf6 32. Nxc7 Rh8 33. b4 Na4 34. Ne6 Nc3+ 35. Ka1 Kh7 36. Nxa3 b6 37. Kb2 Na4+ 38. Kb3 Ra8 39. Rh1+ Kg8 40. Rh6 Kf7 41. Rh7+ Ke8 42. Nc7+ Kf8 43. Nxa8 Nh4 44. Qg4 Nxf3 45. Qc8+ 1-0


[Site "https://www.chess.com"]

[Event "Titled Tuesday Blitz May 10 Early 2022"]
[White "Yurtseven, Melih"]
[Black "Karolczuk, Iwo"]
[WhiteFideId "6312160"]
[BlackFideId "21816972"]
[WhiteElo "2160"]
[BlackElo "2258"]
[Result "0-1"]
[Round "05"]
[TimeControl "180+1"]
[Date "2022.05.11"]
[WhiteClock "0:00:14"]
[BlackClock "0:00:05"]

1. c4 Nf6 2. Nc3 g6 3. g3 Bg7 4. Bg2 O-O 5. Nf3 d6 6. O-O c6 7. d3 a6 8. Rb1 b5 9. b4 Bb7 10. Bb2 Nbd7 11. Qc2 Nb6 12. c5 Nbd5 13. Nxd5 Nxd5 14. Bxg7 Kxg7 15. e4 Nf6 16. d4 d5 17. exd5 Nxd5 18. a4 Bc8 19. Nh4 bxa4 20. Qxa4 Bb7 21. Rfc1 e6 22. Nf3 Qc7 23. Ne5 h5 24. Nc4 Ra7 25. Nd6 Bc8 26. h4 Bd7 27. Rb2 Rb8 28. Qa3 a5 29. b5 cxb5 30. Bxd5 exd5 31. Qf3 Bc6 32. Qf4 Qd8 33. Re2 Rba8 34. Re5 Qf6 35. Qe3 b4 36. Rb1 Rb8 37. Qd2 b3 38. Qb2 a4 39. Qa3 Qf3 40. Re3 Qf6 41. Re5 Re7 42. Rbe1 Rxe5 43. dxe5 Qe6 44. Re2 d4 45. Rd2 Qd5 46. Qb2 Qh1# 0-1


[Site "https://www.chess.com"]

[Event "Titled Tuesday Blitz May 10 Early 2022"]
[White "Zaksaite, Salomeja"]
[Black "Devaev, Alexander"]
[WhiteFideId "12801496"]
[BlackFideId "4169395"]
[WhiteElo "1953"]
[BlackElo "2185"]
[Result "0-1"]
[Round "05"]
[TimeControl "180+1"]
[Date "2022.05.11"]
[WhiteClock "0:00:01"]
[BlackClock "0:01:17"]

1. e4 c6 2. d4 d5 3. exd5 cxd5 4. Bd3 Nc6 5. c3 g6 6. h3 Nh6 7. Bf4 Bg7 8. Nf3 O-O 9. O-O f6 10. Re1 Nf7 11. c4 e5 12. dxe5 fxe5 13. cxd5 exf4 14. dxc6 Bxb2 15. Be4 Qxd1 16. Rxd1 Bxa1 17. cxb7 Bxb7 18. Bxb7 Rad8 19. Nbd2 Bc3 20. Kf1 Rd6 21. Be4 Rfd8 22. Ke2 Kg7 23. Bb1 h6 24. Bc2 Ng5 25. Bb3 Nxf3 26. Nxf3 Rxd1 27. Bxd1 g5 28. Bb3 Kf6 29. Nh2 h5 30. Kf3 Rd2 31. g3 Bd4 32. gxf4 Rxf2+ 0-1


[Site "https://www.chess.com"]

[Event "Titled Tuesday Blitz May 10 Early 2022"]
[White "Zhao, Jun"]
[Black "Kozak, Antoni"]
[WhiteFideId "8602522"]
[BlackFideId "21832030"]
[WhiteElo "2547"]
[BlackElo "2322"]
[Result "1-0"]
[Round "05"]
[TimeControl "180+1"]
[Date "2022.05.10"]
[WhiteClock "0:00:44"]
[BlackClock "0:00:09"]

1. d4 d5 2. Bf4 c5 3. e3 cxd4 4. exd4 Nc6 5. c3 f6 6. Nf3 g5 7. Bg3 h5 8. h4 g4 9. Ng1 Bf5 10. Bd3 Nh6 11. Ne2 e5 12. O-O Bg7 13. Na3 O-O 14. Nc2 Qd7 15. Ne3 Be6 16. Bg6 Bf7 17. Bxf7+ Qxf7 18. dxe5 fxe5 19. Qxd5 Rad8 20. Qxf7+ Rxf7 21. Rfd1 Rfd7 22. Rxd7 Rxd7 23. Rd1 Rxd1+ 24. Nxd1 Nf5 25. Ne3 Nxe3 26. fxe3 Kf7 27. e4 Kf6 28. Bf2 Bh6 29. Ng3 Kg6 30. Kf1 a6 31. Ke2 Bc1 32. b3 Bf4 33. Nf5 Kf6 34. Kd3 Nd8 35. g3 Bc1 36. a4 Ba3 37. Kc4 Ne6 38. Be3 Bf8 39. b4 Nc7 40. Bc5 b5+ 41. axb5 axb5+ 42. Kb3 Bxc5 43. bxc5 Na6 44. c6 1-0


[Site "https://www.chess.com"]

[Event "Titled Tuesday Blitz May 10 Early 2022"]
[White "parintele_chess"]
[Black "Sadykov, Ramil"]
[BlackFideId "24113590"]
[WhiteElo "2223"]
[BlackElo "2280"]
[Result "1-0"]
[Round "05"]
[TimeControl "180+1"]
[Date "2022.05.11"]
[WhiteClock "0:00:09"]
[BlackClock "0:00:08"]

1. d4 Nf6 2. Bf4 d5 3. e3 c5 4. c3 Nc6 5. Nd2 Bf5 6. Ngf3 Qb6 7. Qb3 c4 8. Qxb6 axb6 9. a3 h6 10. Ne5 Nh5 11. Nxc6 bxc6 12. Be5 f6 13. Bg3 Nxg3 14. hxg3 e5 15. Nf3 Bd6 16. Nh4 Be4 17. f3 Bh7 18. f4 e4 19. g4 g5 20. fxg5 Bg3+ 21. Kd2 fxg5 22. Nf5 Bxf5 23. gxf5 h5 24. Be2 h4 25. Bg4 Ke7 26. Rhf1 Rhf8 27. Bh3 Rf6 28. Bg4 Kd6 29. Rac1 c5 30. Ra1 cxd4 31. cxd4 b5 32. Kc3 Kc7 33. Kb4 Ra4+ 34. Kc3 Bd6 35. Kc2 Kb6 36. Rf2 Be7 37. Rff1 Kc7 38. Kc3 Rfa6 39. Rad1 b4+ 40. axb4 Bxb4+ 41. Kc2 Be7 42. Rb1 Ra2 43. Rf2 Rb6 44. Rff1 Rb3 45. Rfe1 Bb4 46. Re2 Ba3 47. Kc1 c3 48. bxa3 Rxb1+ 49. Kxb1 Rxa3 50. f6 Kd8 51. Rf2 Ke8 52. Bh5+ Kf8 53. f7 Rb3+ 54. Kc1 Rb4 55. Rf5 g4 56. Rxd5 Rb8 57. Rg5 h3 58. Rg8+ Ke7 59. gxh3 gxh3 60. Rxb8 h2 61. f8=Q+ Ke6 62. Re8+ Kd5 63. Qf5+ Kc4 64. Bf7+ Kd3 65. Qf1+ Kxe3 66. Rxe4+ Kxe4 67. Qh1+ Kxd4 68. Qxh2 Kd3 69. Qc2+ Kd4 70. Bg6 Kc4 71. Bd3+ Kd4 72. Qa4+ Ke3 73. Qc4 Kf2 74. Qxc3 Ke3 75. Ba6+ Ke4 76. Qd3+ Ke5 77. Kd2 Kf4 78. Qe3+ Kf5 79. Kd3 Kg4 80. Qf2 Kh3 81. Qg1 Kh4 82. Ke4 Kh5 83. Kf5 Kh6 84. Qg6# 1-0


[Site "https://www.chess.com"]

[Event "Titled Tuesday Blitz May 10 Early 2022"]
[White "Golubova, Anna"]
[Black "Thomas, Anysia"]
[WhiteFideId "24173606"]
[BlackFideId "670472"]
[WhiteElo "2083"]
[BlackElo "2002"]
[Result "1-0"]
[Round "06"]
[TimeControl "180+1"]
[Date "2022.05.11"]
[WhiteClock "0:00:15"]
[BlackClock "0:00:01"]

1. d4 Nf6 2. Bf4 g6 3. e3 Bg7 4. Nf3 O-O 5. h3 d6 6. Be2 b6 7. O-O Bb7 8. c4 d5 9. Nc3 Nbd7 10. Rc1 c5 11. dxc5 Nxc5 12. b4 Nce4 13. Be5 Nxc3 14. Bxc3 Rc8 15. cxd5 Bxd5 16. a3 Qd6 17. Be5 Qe6 18. Qd4 Rcd8 19. Qb2 Rfe8 20. Rfd1 h6 21. Rc7 a5 22. b5 a4 23. Rdc1 Bb3 24. R7c6 Qf5 25. Rxb6 Bd5 26. Ra6 e6 27. Bd4 Nh5 28. Rxa4 Bxf3 29. Bxf3 Bxd4 30. Rxd4 Rxd4 31. Qxd4 Nf6 32. b6 Nd5 33. Bxd5 exd5 34. b7 Rb8 35. Qb6 Kh7 36. Rc7 Qe5 37. Rxf7+ Kg8 38. Qxg6+ 1-0


[Site "https://www.chess.com"]

[Event "Titled Tuesday Blitz May 10 Early 2022"]
[White "Agasarov, Benik"]
[Black "Sapunov, Evgeny"]
[WhiteFideId "13314823"]
[BlackFideId "4126661"]
[WhiteElo "2578"]
[BlackElo "2470"]
[Result "0-1"]
[Round "06"]
[TimeControl "180+1"]
[Date "2022.05.11"]
[WhiteClock "0:00:14"]
[BlackClock "0:00:22"]

1. e4 c5 2. Nf3 d6 3. Nc3 Nc6 4. d4 cxd4 5. Nxd4 Nf6 6. Bg5 e6 7. Bc4 a6 8. O-O Be7 9. Kh1 O-O 10. f4 d5 11. Nxc6 bxc6 12. Bd3 h6 13. Bxf6 Bxf6 14. e5 Be7 15. Ne2 c5 16. c3 Rb8 17. Rb1 a5 18. Ng3 g6 19. Qg4 Kh7 20. Nh5 Rg8 21. Rf3 Kh8 22. Rh3 gxh5 23. Qxh5 Qf8 24. g4 c4 25. Bc2 Bb7 26. f5 d4+ 27. Kg1 Bg5 28. fxe6 d3 29. Ba4 fxe6 30. Rf1 Qg7 31. Rf7 Qg6 32. Qxg6 Rxg6 33. Rhf3 Bd5 34. Rf8+ Rxf8 35. Rxf8+ Rg8 36. Rf7 Be3+ 37. Kf1 Rxg4 0-1


[Site "https://www.chess.com"]

[Event "Titled Tuesday Blitz May 10 Early 2022"]
[White "Aldokhin, Ivan"]
[Black "Hansch, Karsten"]
[WhiteFideId "24115720"]
[BlackFideId "24692239"]
[WhiteElo "2231"]
[BlackElo "2358"]
[Result "1-0"]
[Round "06"]
[TimeControl "180+1"]
[Date "2022.05.11"]
[WhiteClock "0:01:08"]
[BlackClock "0:01:49"]

1. e4 c6 2. Nc3 d5 3. Nf3 Bg4 4. Be2 e6 5. h3 Bxf3 6. Bxf3 Nf6 7. O-O Be7 8. d4 dxe4 9. Nxe4 Nxe4 10. Bxe4 Nd7 11. c3 Nf6 12. Bf3 O-O 13. Qe2 Qb6 14. Bf4 Rfd8 15. Rfb1 a5 16. b3 Nd5 17. Bd2 Bf6 18. a3 c5 19. c4 Bxd4 20. cxd5 Bxa1 21. Rxa1 Qxb3 22. Qe3 Qb2 23. Bc3 Qc2 24. Be4 Qa4 25. Qg5 f6 26. Bxf6 Rd7 27. dxe6 1-0


[Site "https://www.chess.com"]

[Event "Titled Tuesday Blitz May 10 Early 2022"]
[White "Alekseenko, Kirill"]
[Black "Dardha, Daniel"]
[WhiteFideId "4135539"]
[BlackFideId "240990"]
[WhiteElo "2682"]
[BlackElo "2482"]
[Result "0-1"]
[Round "06"]
[TimeControl "180+1"]
[Date "2022.05.10"]
[WhiteClock "0:00:11"]
[BlackClock "0:00:07"]

1. e4 c5 2. Nf3 Nc6 3. d4 cxd4 4. Nxd4 e5 5. Nb5 d6 6. N1c3 a6 7. Na3 Be6 8. Nc4 Rb8 9. Ne3 Nf6 10. Bd3 g6 11. O-O Bg7 12. Ncd5 Bxd5 13. exd5 Ne7 14. c4 O-O 15. Be2 Nd7 16. b3 e4 17. Rb1 f5 18. Nc2 Ne5 19. Nd4 Qd7 20. Ne6 Bf6 21. Nxf8 Rxf8 22. f4 exf3 23. Bxf3 g5 24. Be2 f4 25. h3 Nf5 26. Bg4 Nxg4 27. Qxg4 Qg7 28. Bd2 Bd4+ 29. Kh2 Qg6 30. Rbe1 h5 31. Re6 Rf6 32. Rxf6 Bxf6 33. Qf3 Be5 34. Kg1 g4 35. Qd3 f3 36. hxg4 Bd4+ 37. Rf2 hxg4 38. Bc3 g3 39. Qxf3 gxf2+ 40. Kf1 Ng3+ 41. Qxg3 Qxg3 42. Bxd4 Qd3+ 0-1


[Site "https://www.chess.com"]

[Event "Titled Tuesday Blitz May 10 Early 2022"]
[White "Al-Tarboush, Ward"]
[Black "Wagh Suyog"]
[WhiteFideId "7601450"]
[BlackFideId "25071688"]
[WhiteElo "2294"]
[BlackElo "2181"]
[Result "0-1"]
[Round "06"]
[TimeControl "180+1"]
[Date "2022.05.11"]
[WhiteClock "0:00:18"]
[BlackClock "0:01:09"]

1. e4 c5 2. Nf3 Nc6 3. d4 cxd4 4. Nxd4 Nf6 5. Nc3 d6 6. Bg5 e6 7. Qd2 a6 8. O-O-O Bd7 9. f4 Be7 10. Nf3 b5 11. Bxf6 gxf6 12. Bd3 Qb6 13. f5 O-O-O 14. fxe6 fxe6 15. Rhe1 h5 16. Kb1 Ne5 17. Be2 h4 18. Nd4 b4 19. Nxe6 Bxe6 20. Nd5 Bxd5 21. Qxd5 Kb8 22. Rd4 Rc8 23. Red1 Ka7 24. Qe6 Rc7 25. b3 Rhc8 26. R4d2 Qe3 27. Qd5 Rc5 28. Qe6 R5c7 29. Qd5 Bf8 30. Qa5 Qb6 31. Qd5 Bh6 32. Rd4 Be3 33. Bxa6 Kxa6 34. R4d3 Nxd3 35. Qxd3+ Ka7 36. c4 bxc3 37. Kc2 Bf4 38. Qe2 Qe3 39. Qb5 Qd2+ 40. Rxd2 cxd2+ 41. Kb2 d1=N+ 42. Ka3 Bc1+ 43. Kb4 Rb7 0-1


[Site "https://www.chess.com"]

[Event "Titled Tuesday Blitz May 10 Early 2022"]
[White "Ambartsumova, Karina"]
[Black "Shukhman, Anna"]
[WhiteFideId "4166299"]
[BlackFideId "54180058"]
[WhiteElo "2262"]
[BlackElo "1726"]
[Result "1-0"]
[Round "06"]
[TimeControl "180+1"]
[Date "2022.05.11"]
[WhiteClock "0:00:03"]
[BlackClock "0:00:11"]

1. e4 c5 2. Nf3 e6 3. d4 cxd4 4. Nxd4 a6 5. Bd3 Bc5 6. Nb3 Ba7 7. Qg4 Nf6 8. Qg3 Nc6 9. Nc3 d6 10. Bg5 h6 11. Be3 Bxe3 12. Qxe3 O-O 13. O-O b5 14. f4 Bb7 15. Rad1 Qc7 16. Rfe1 Ng4 17. Qg3 Qb6+ 18. Kf1 Nf6 19. Qf2 Qc7 20. h3 Rad8 21. Kg1 Rfe8 22. Qg3 b4 23. Ne2 e5 24. Qf2 exf4 25. Nxf4 Ne5 26. Nd4 d5 27. exd5 Nxd5 28. Be4 Nf6 29. Bxb7 Qxb7 30. Nf5 Rxd1 31. Rxd1 Ne4 32. Qd4 f6 33. Nd5 Ng5 34. Qf2 Ne4 35. Qf4 Nc5 36. Nd6 Qd7 37. Nxe8 Qxe8 38. Qd4 Ne6 39. Qxb4 Qg6 40. Ne7+ 1-0


[Site "https://www.chess.com"]

[Event "Titled Tuesday Blitz May 10 Early 2022"]
[White "Arabidze, Meri"]
[Black "Ferreira, Vitor Hugo Vieira"]
[WhiteFideId "13604040"]
[BlackFideId "2119765"]
[WhiteElo "2335"]
[BlackElo "2165"]
[Result "1-0"]
[Round "06"]
[TimeControl "180+1"]
[Date "2022.05.11"]
[WhiteClock "0:00:07"]
[BlackClock "0:00:08"]

1. Nf3 Nf6 2. g3 g6 3. Bg2 Bg7 4. O-O O-O 5. d4 d5 6. Nc3 b6 7. a4 a6 8. a5 b5 9. Ne5 Bb7 10. Bf4 Nbd7 11. Re1 Nh5 12. Nxd5 Nxf4 13. gxf4 e6 14. Ne3 Bxg2 15. Nxg2 Nxe5 16. dxe5 c5 17. Qxd8 Rfxd8 18. Red1 f6 19. exf6 Bxf6 20. c3 b4 21. Ne3 bxc3 22. bxc3 Bxc3 23. Rac1 Bxa5 24. Rxd8+ Rxd8 25. Rxc5 Bb6 26. Rc6 Bxe3 27. fxe3 Ra8 28. Rxe6 a5 29. Rc6 a4 30. Rc2 a3 31. Ra2 Kf7 32. Kf2 Ke6 33. e4 Kd6 34. Ke3 Kc5 35. f5 Kb4 36. f6 Kb3 37. Rd2 a2 38. Rxa2 Rxa2 39. Kd4 Ra4+ 40. Kd5 Ra5+ 41. Ke6 Kc4 42. f7 Ra8 43. Kf6 Rf8 44. e5 Kd5 45. e6 Rb8 46. e7 Rb6+ 47. Kg7 Ke6 48. e8=Q+ Kd6 49. Qd8+ Kc6 50. Qxb6+ Kxb6 51. f8=Q g5 52. Kxh7 g4 53. Qf5 1-0


[Site "https://www.chess.com"]

[Event "Titled Tuesday Blitz May 10 Early 2022"]
[White "Ardila, Oscar Humberto"]
[Black "Tomaszewski, Kacper"]
[WhiteFideId "4404742"]
[BlackFideId "1127373"]
[WhiteElo "1928"]
[BlackElo "2153"]
[Result "0-1"]
[Round "06"]
[TimeControl "180+1"]
[Date "2022.05.11"]
[WhiteClock "0:00:42"]
[BlackClock "0:01:38"]

1. d4 g6 2. c4 Bg7 3. Nc3 c5 4. d5 Bxc3+ 5. bxc3 e5 6. e4 d6 7. Bd3 Qf6 8. Ne2 Bg4 9. O-O Bxe2 10. Qxe2 Nd7 11. Rb1 b6 12. f4 Qe7 13. f5 g5 14. Qh5 Ngf6 15. Qxg5 Rg8 16. Qh4 O-O-O 17. Qf2 Rg7 18. Kh1 Rdg8 19. g3 Ng4 20. Qe2 h5 21. f6 Ndxf6 22. Qf3 h4 23. Qf5+ Kb8 24. Be2 hxg3 25. h3 g2+ 26. Kg1 gxf1=Q+ 27. Qxf1 Ne3+ 0-1


[Site "https://www.chess.com"]

[Event "Titled Tuesday Blitz May 10 Early 2022"]
[White "Arias, Juan Cruz"]
[Black "FGHSMN"]
[WhiteFideId "118540"]
[WhiteElo "2091"]
[BlackElo "2759"]
[Result "0-1"]
[Round "06"]
[TimeControl "180+1"]
[Date "2022.05.11"]
[WhiteClock "0:00:42"]
[BlackClock "0:00:24"]

1. d4 Nf6 2. Nf3 d6 3. e3 g6 4. c4 Bg7 5. Nc3 O-O 6. Be2 Bf5 7. O-O Ne4 8. Qb3 Nxc3 9. bxc3 b6 10. a4 Nc6 11. Nd2 e5 12. Bf3 Na5 13. Qa3 Bd3 14. Bxa8 Bxf1 15. Kxf1 Qxa8 16. c5 exd4 17. exd4 dxc5 18. Nf3 Qd5 19. Bf4 Nc4 20. Qa2 cxd4 21. cxd4 c5 22. Kg1 cxd4 23. Rc1 Qe4 24. Qxc4 Qxf4 25. Rd1 Rd8 26. h4 h6 27. Rd3 Qe4 28. Rd1 Qe6 29. Qc7 Rd7 30. Qc8+ Kh7 31. Qc2 Qd5 32. Qd3 Rc7 33. Qa6 Qe4 34. a5 bxa5 35. Qxa5 Rd7 36. Qa4 Qd5 37. Rd3 Rb7 38. Rd1 a5 39. h5 Qxh5 40. Qc4 Qb5 41. Qc8 Qd7 42. Qa8 Ra7 43. Qe4 a4 44. Nxd4 a3 0-1


[Site "https://www.chess.com"]

[Event "Titled Tuesday Blitz May 10 Early 2022"]
[White "Aslanov, Umid"]
[Black "Kwon, Sehyun"]
[WhiteFideId "13412620"]
[BlackFideId "13203088"]
[WhiteElo "1796"]
[BlackElo "1778"]
[Result "0-1"]
[Round "06"]
[TimeControl "180+1"]
[Date "2022.05.11"]
[WhiteClock "0:00:38"]
[BlackClock "0:00:03"]

1. e4 Nf6 2. e5 Nd5 3. c4 Nb6 4. c5 Nd5 5. Be2 e6 6. d3 Bxc5 7. d4 Be7 8. Nc3 Nxc3 9. bxc3 d6 10. Nf3 Nd7 11. Bf4 b6 12. O-O Bb7 13. Re1 O-O 14. exd6 cxd6 15. Qd2 Rc8 16. a4 Nf6 17. Rec1 Be4 18. a5 Nd5 19. Bg3 Bxf3 20. Bxf3 Bg5 21. Qb2 Bxc1 22. Rxc1 bxa5 23. Qa3 Qb6 24. h3 Rfd8 25. Be4 Nf6 26. Bd3 d5 27. Rb1 Qc6 28. Rb3 a4 29. Bb5 Qb6 30. Bxa4 Qa5 31. f3 h6 32. Bb5 Qxa3 33. Rxa3 Ne8 34. Rxa7 Rxc3 35. Kh2 Nd6 36. Bd7 Nf5 37. Be5 Rd3 38. Bb5 Rd2 39. Kg1 Nxd4 40. Bf1 Nf5 41. Bf4 Rb2 42. g3 d4 43. g4 Ne3 44. Bd3 Rd2 45. Be4 Rc8 46. Ra1 g5 47. Be5 Rd8 48. Bf6 Re8 49. Kh1 Nd5 50. Be5 Nf4 51. h4 Nd5 52. hxg5 hxg5 53. Ra2 Rxa2 54. Bxd4 Rc8 55. Be3 Rb8 56. Bf4 Rbb2 57. Be5 Ra1+ 58. Bb1 Raxb1# 0-1


[Site "https://www.chess.com"]

[Event "Titled Tuesday Blitz May 10 Early 2022"]
[White "Atakhan, Abtin"]
[Black "Ballester Llagaria, Luis Eduardo"]
[WhiteFideId "22502203"]
[BlackFideId "2297620"]
[WhiteElo "2094"]
[BlackElo "2344"]
[Result "1-0"]
[Round "06"]
[TimeControl "180+1"]
[Date "2022.05.11"]
[WhiteClock "0:01:30"]
[BlackClock "0:00:14"]

1. c4 e5 2. Nc3 Nc6 3. g3 f5 4. Bg2 Nf6 5. d3 Bb4 6. Bg5 O-O 7. Nf3 d6 8. O-O Bxc3 9. bxc3 Qe8 10. e3 Qh5 11. Bxf6 Rxf6 12. Nd2 Qe8 13. f4 Bd7 14. Qe2 Kh8 15. Rae1 Qf8 16. Nf3 Re8 17. Nh4 Nd8 18. Qd1 Bc6 19. Bh3 g6 20. g4 exf4 21. g5 Rfe6 22. exf4 Qe7 23. Rxe6 Qxe6 24. Bg2 Bxg2 25. Nxg2 Qe2 26. Qb1 b6 27. Re1 1-0


[Site "https://www.chess.com"]

[Event "Titled Tuesday Blitz May 10 Early 2022"]
[White "Avazkhonov, Alikhon"]
[Black "Derraugh, Geordie"]
[WhiteFideId "14208504"]
[BlackFideId "2603950"]
[WhiteElo "1739"]
[BlackElo "2116"]
[Result "1-0"]
[Round "06"]
[TimeControl "180+1"]
[Date "2022.05.11"]
[WhiteClock "0:01:59"]
[BlackClock "0:01:51"]

1. f4 d5 2. Nf3 Nf6 3. g3 g6 4. Bg2 Bg7 5. O-O O-O 6. d3 c5 7. Qe1 Nc6 8. e4 dxe4 9. dxe4 Qb6 10. Nc3 Nb4 11. e5 Nxc2 12. Qf2 Nxa1 13. exf6 Bxf6 14. Be3 Bd4 15. Nxd4 cxd4 16. Bxd4 Qb4 17. Rxa1 Re8 18. Nd5 Qa5 19. Re1 Be6 20. Bc3 Qa4 21. b3 Qc6 22. Nxe7+ Rxe7 23. Bxc6 bxc6 24. Qd4 1-0


[Site "https://www.chess.com"]

[Event "Titled Tuesday Blitz May 10 Early 2022"]
[White "Bach, Ngoc Thuy Duong"]
[Black "Omelja, Artem"]
[WhiteFideId "12408956"]
[BlackFideId "14119846"]
[WhiteElo "1862"]
[BlackElo "2382"]
[Result "0-1"]
[Round "06"]
[TimeControl "180+1"]
[Date "2022.05.11"]
[WhiteClock "0:00:02"]
[BlackClock "0:00:03"]

1. d4 d5 2. c4 c6 3. Nf3 e6 4. Nc3 dxc4 5. a4 Bb4 6. e3 b5 7. Bd2 a5 8. axb5 Bxc3 9. Bxc3 cxb5 10. b3 Bb7 11. bxc4 b4 12. Bb2 Nf6 13. Bd3 O-O 14. O-O Qc7 15. Nd2 a4 16. e4 b3 17. e5 Nfd7 18. Re1 Rd8 19. Qg4 Nc6 20. Ne4 Kh8 21. Nd6 Nf8 22. Be4 Ng6 23. Re3 Rxd6 24. exd6 Qxd6 25. Bxg6 hxg6 26. Rae1 a3 27. Bxa3 Rxa3 28. d5 Nb4 29. dxe6 fxe6 30. Rxe6 Qc5 31. Re8+ Kh7 32. Qh4+ Qh5 33. Qxh5+ gxh5 34. Rb8 b2 35. Rxb7 Ra1 0-1


[Site "https://www.chess.com"]

[Event "Titled Tuesday Blitz May 10 Early 2022"]
[White "Baches Garcia, Guillermo"]
[Black "Sarana, Alexey"]
[WhiteFideId "2209764"]
[BlackFideId "24133795"]
[WhiteElo "2531"]
[BlackElo "2666"]
[Result "0-1"]
[Round "06"]
[TimeControl "180+1"]
[Date "2022.05.10"]
[WhiteClock "0:00:14"]
[BlackClock "0:01:25"]

1. e4 c5 2. Nf3 d6 3. d4 cxd4 4. Nxd4 Nf6 5. Nc3 a6 6. Bd3 e5 7. Nde2 Be7 8. O-O Nbd7 9. Ng3 Nc5 10. Be2 O-O 11. a4 Be6 12. Bf3 Rc8 13. Be3 Ncd7 14. a5 g6 15. h3 Qc7 16. Re1 Rfd8 17. Re2 Qc4 18. Nd5 Bxd5 19. exd5 h5 20. b3 Qc3 21. Rd2 h4 22. Ne2 Qc7 23. c4 e4 24. Bg4 Nxg4 25. hxg4 Re8 26. g5 Bf8 27. Nd4 Ne5 28. Qc2 Nd3 29. Rad1 Bg7 30. b4 Nxb4 31. Qb3 Nd3 32. Rxd3 exd3 33. Qxd3 Qxc4 0-1


[Site "https://www.chess.com"]